SL
PHILADELPHIA 1776 BC @ GREENVILLE 84S
06/21/2029
 
TOP OF THE 1ST
Philadelphia 1776 BC batting - Pitching for Greenville 84s : RHP Eric Matson
Pitching: RHP Eric Matson
Batting: LHB José Rodríguez 0-0: Ball
1-0: Foul Ball, location: 2F
1-1: Called Strike
1-2: Foul Ball, location: 2F
1-2: Foul Ball, location: 2F
1-2: Ball
2-2: Ground out U3 (Groundball, 34S)
Batting: LHB Tony Vega 0-0: Foul Ball, location: 2F
0-1: Ball
1-1: Ball
2-1: Swinging Strike
2-2: Foul Ball, location: 2F
2-2: Ball
3-2: Base on Balls
Batting: LHB Manoo Satyavrat 0-0: Called Strike
Tony Vega steals 2nd base
0-1: Ball
1-1: Called Strike
1-2: Ball
2-2: SINGLE (Groundball, 3D)
Tony Vega to third
Batting: LHB Jeff Rutherford 0-0: Called Strike
0-1: Called Strike
0-2: Fly out, F7 (Flyball, 78D)
Runner from 3rd tags up, SCORES, no throw
Batting: SHB Jesús Cabańe 0-0: Called Strike
Manoo Satyavrat steals 2nd base
0-1: Foul Ball, location: 2F
0-2: Strikes out swinging
Top of the 1st over - 1 run, 1 hit, 0 errors, 1 left on base; Philadelphia 1776 1 - Greenville 0
BOTTOM OF THE 1ST
Greenville 84s batting - Pitching for Philadelphia 1776 BC : LHP Carlos Sánchez
Pitching: LHP Carlos Sánchez
Batting: RHB Pablo Marrero 0-0: Ball
1-0: Ball
2-0: Ball
3-0: Base on Balls
Batting: SHB Jorge Barrios 0-0: Ball
1-0: Called Strike
1-1: Foul Ball, location: 2F
1-2: SINGLE (Line Drive, 4D)
Pablo Marrero to second
Batting: RHB Roberto Escues 0-0: Ball
Pablo Marrero steals 3rd base
Jorge Barrios to second
1-0: Called Strike
1-1: Fly out, F8 (Flyball, 8RXD)
Runner from 3rd tags up, SCORES, no throw
Batting: LHB Christian Blair 0-0: Called Strike
0-1: Fly out, F3 (Popup, 3)
Batting: RHB Juan García 0-0: Reached on error, E8 (Flyball, 8RS)
Jorge Barrios scores
Batting: RHB Jonathan Cook 0-0: Foul Ball, location: 2F
0-1: Ground out 5-3 (Groundball, 56)
Bottom of the 1st over - 2 runs, 1 hit, 1 error, 1 left on base; Philadelphia 1776 1 - Greenville 2
TOP OF THE 2ND
Philadelphia 1776 BC batting - Pitching for Greenville 84s : RHP Eric Matson
Batting: SHB Sam Quint 0-0: Ball
1-0: Called Strike
1-1: Ball
2-1: Ground out 4-3 (Groundball, 4S)
Batting: RHB Fernando Rivera 0-0: Ball
1-0: Ball
2-0: Foul Ball, location: 2F
2-1: Foul Ball, location: 2F
2-2: Ball
3-2: Fly out, F9 (Flyball, 89M)
Batting: RHB Patrizio Vanali 0-0: Ball
1-0: Called Strike
1-1: Swinging Strike
1-2: Strikes out looking
Top of the 2nd over - 0 runs, 0 hits, 0 errors, 0 left on base; Philadelphia 1776 1 - Greenville 2
BOTTOM OF THE 2ND
Greenville 84s batting - Pitching for Philadelphia 1776 BC : LHP Carlos Sánchez
Batting: RHB Rodrigo Lugo 0-0: Ball
1-0: SINGLE (Groundball, 6MD)
Batting: RHB Ramón Valdéz 0-0: Called Strike
0-1: Foul Ball, location: 2F
0-2: Foul Ball, location: 2F
0-2: Ball
1-2: Fly out, F8 (Flyball, 8LM)
Batting: RHB Joe Craig 0-0: Called Strike
0-1: Ball
1-1: Ball
Rodrigo Lugo is caught stealing 2nd base
2-1: Ball
3-1: Ground out 5-3 (Groundball, 5L)
Bottom of the 2nd over - 0 runs, 1 hit, 0 errors, 0 left on base; Philadelphia 1776 1 - Greenville 2
TOP OF THE 3RD
Philadelphia 1776 BC batting - Pitching for Greenville 84s : RHP Eric Matson
Batting: RHB John Schnatter 0-0: Ball
1-0: Called Strike
1-1: Ground out 4-3 (Groundball, 4)
Batting: LHB José Rodríguez 0-0: Called Strike
0-1: Ground out 6-3 (Groundball, 6)
Batting: LHB Tony Vega 0-0: Called Strike
0-1: Foul Ball, location: 2F
0-2: Ball
1-2: Ball
2-2: Foul Ball, location: 2F
2-2: Foul Ball, location: 2F
2-2: Foul Ball, location: 2F
2-2: Foul Ball, location: 2F
2-2: DOUBLE (Line Drive, 7LD)
Batting: LHB Manoo Satyavrat 0-0: Ball
1-0: Ball
2-0: Ball
3-0: Base on Balls
Batting: LHB Jeff Rutherford 0-0: Called Strike
0-1: Called Strike
0-2: Strikes out looking
Top of the 3rd over - 0 runs, 1 hit, 0 errors, 2 left on base; Philadelphia 1776 1 - Greenville 2
BOTTOM OF THE 3RD
Greenville 84s batting - Pitching for Philadelphia 1776 BC : LHP Carlos Sánchez
Batting: RHB Pablo Marrero 0-0: SINGLE (Groundball, 6M) (infield hit)
Batting: SHB Jorge Barrios 0-0: Ball
1-0: Foul Ball, location: 2F
1-1: Swinging Strike
1-2: Fly out, F9 (Flyball, 9)
Batting: RHB Roberto Escues 0-0: Ball
1-0: Ball
2-0: Called Strike
2-1: Swinging Strike
2-2: Ball
3-2: Foul Ball, location: 2F
3-2: Strikes out looking
Batting: LHB Christian Blair 0-0: Ball
1-0: Called Strike
1-1: Swinging Strike
1-2: Foul Ball, location: 2F
1-2: Ball
2-2: Ball
Pablo Marrero steals 2nd base
3-2: Fly out, F8 (Flyball, 8RS)
Bottom of the 3rd over - 0 runs, 1 hit, 0 errors, 1 left on base; Philadelphia 1776 1 - Greenville 2
TOP OF THE 4TH
Philadelphia 1776 BC batting - Pitching for Greenville 84s : RHP Eric Matson
Batting: SHB Jesús Cabańe 0-0: Foul Ball, location: 2F
0-1: Swinging Strike
0-2: Strikes out swinging
Batting: SHB Sam Quint 0-0: Ball
1-0: Foul Ball, location: 2F
1-1: Ball
2-1: Ball
3-1: Foul Ball, location: 2F
3-2: Strikes out swinging
Batting: RHB Fernando Rivera 0-0: Called Strike
0-1: Called Strike
0-2: Ball
1-2: Ball
2-2: Foul Ball, location: 2F
2-2: Foul Ball, location: 2F
2-2: Ball
3-2: SINGLE (Groundball, 6D)
Batting: RHB Patrizio Vanali 0-0: Called Strike
0-1: Ball
1-1: Ball
2-1: Ball
3-1: Foul Ball, location: 2F
3-2: Fly out, F6 (Popup, P)
Top of the 4th over - 0 runs, 1 hit, 0 errors, 1 left on base; Philadelphia 1776 1 - Greenville 2
BOTTOM OF THE 4TH
Greenville 84s batting - Pitching for Philadelphia 1776 BC : LHP Carlos Sánchez
Batting: RHB Juan García 0-0: Called Strike
0-1: Foul Ball, location: 2F
0-2: Ball
1-2: Ground out 5-3 (Groundball, 5)
Batting: RHB Jonathan Cook 0-0: Called Strike
0-1: Swinging Strike
0-2: Foul Ball, location: 2F
0-2: Strikes out swinging
Batting: RHB Rodrigo Lugo 0-0: Ball
1-0: Called Strike
1-1: Ball
2-1: Swinging Strike
2-2: Foul Ball, location: 2F
2-2: Ball
3-2: Strikes out looking
Bottom of the 4th over - 0 runs, 0 hits, 0 errors, 0 left on base; Philadelphia 1776 1 - Greenville 2
TOP OF THE 5TH
Philadelphia 1776 BC batting - Pitching for Greenville 84s : RHP Eric Matson
Batting: RHB John Schnatter 0-0: Ball
1-0: Foul Ball, location: 2F
1-1: Foul Ball, location: 2F
1-2: Fly out, F9 (Flyball, 9S)
Batting: LHB José Rodríguez 0-0: Ball
1-0: Ball
2-0: Foul Ball, location: 2F
2-1: SINGLE (Groundball, 34D)
Pitching: RHP Colijn de Goedere
Batting: LHB Tony Vega 0-0: Ball
1-0: Ball
2-0: Ball
3-0: Base on Balls
José Rodríguez to second
Batting: LHB Manoo Satyavrat 0-0: Called Strike
0-1: Ball
1-1: Called Strike
1-2: Ball
2-2: Ball
3-2: Base on Balls
José Rodríguez to third
Tony Vega to second
Batting: LHB Jeff Rutherford 0-0: Ball
1-0: Swinging Strike
1-1: Called Strike
1-2: Ball
2-2: Ball
3-2: Strikes out swinging
Batting: SHB Jesús Cabańe 0-0: Called Strike
0-1: Ball
1-1: Called Strike
1-2: Ball
2-2: Fly out, F7 (Flyball, 78S)
Top of the 5th over - 0 runs, 1 hit, 0 errors, 3 left on base; Philadelphia 1776 1 - Greenville 2
BOTTOM OF THE 5TH
Greenville 84s batting - Pitching for Philadelphia 1776 BC : LHP Carlos Sánchez
Batting: RHB Ramón Valdéz 0-0: DOUBLE (Line Drive, 7LD)
Batting: RHB Joe Craig 0-0: Called Strike
0-1: Ball
1-1: Foul Ball, location: 2F
1-2: Fly out, F9 (Flyball, 89M)
Batting: RHB Pablo Marrero 0-0: Called Strike
0-1: Ball
1-1: Foul Ball, location: 2F
1-2: Strikes out swinging
Batting: SHB Jorge Barrios 0-0: Swinging Strike
0-1: SINGLE (Groundball, 56D)
Ramón Valdéz to third
Runner from 3rd tries for Home, SAFE, no throw
Batting: RHB Roberto Escues 0-0: Foul Ball, location: 2F
0-1: Ball
1-1: Fly out, F8 (Flyball, 89D)
Bottom of the 5th over - 1 run, 2 hits, 0 errors, 1 left on base; Philadelphia 1776 1 - Greenville 3
TOP OF THE 6TH
Philadelphia 1776 BC batting - Pitching for Greenville 84s : RHP Colijn de Goedere
Batting: SHB Sam Quint 0-0: Called Strike
0-1: Foul Ball, location: 2F
0-2: Ball
1-2: Ball
2-2: Ball
3-2: Strikes out swinging
Batting: RHB Fernando Rivera 0-0: Ball
1-0: Called Strike
1-1: Foul Ball, location: 2F
1-2: Foul Ball, location: 2F
1-2: Foul Ball, location: 2F
1-2: Strikes out looking
Batting: RHB Patrizio Vanali 0-0: Ball
1-0: Called Strike
1-1: Ground out 6-3 (Groundball, 6)
Top of the 6th over - 0 runs, 0 hits, 0 errors, 0 left on base; Philadelphia 1776 1 - Greenville 3
BOTTOM OF THE 6TH
Greenville 84s batting - Pitching for Philadelphia 1776 BC : LHP Carlos Sánchez
Batting: LHB Christian Blair 0-0: Swinging Strike
0-1: Fly out, F7 (Flyball, 7)
Batting: RHB Juan García 0-0: Ball
1-0: Ball
2-0: Ball
3-0: Base on Balls
Batting: RHB Jonathan Cook 0-0: Swinging Strike
0-1: Ball
1-1: Swinging Strike
1-2: Ball
2-2: SINGLE (Groundball, 56D)
Juan García to second
Batting: RHB Rodrigo Lugo 0-0: Called Strike
0-1: Grounds into double play, 6-4-3 (Groundball, 6)
Bottom of the 6th over - 0 runs, 1 hit, 0 errors, 1 left on base; Philadelphia 1776 1 - Greenville 3
TOP OF THE 7TH
Philadelphia 1776 BC batting - Pitching for Greenville 84s : RHP Colijn de Goedere
Batting: RHB John Schnatter 0-0: Ground out 4-3 (Groundball, 4)
Batting: LHB José Rodríguez 0-0: Called Strike
0-1: Called Strike
0-2: Ball
1-2: Ball
2-2: Foul Ball, location: 2F
2-2: Ball
3-2: SINGLE (Flyball, 7S)
Pitching: LHP Ernest Torres
Batting: LHB Tony Vega 0-0: Grounds into double play, 4-6-3 (Groundball, 4M)
Top of the 7th over - 0 runs, 1 hit, 0 errors, 0 left on base; Philadelphia 1776 1 - Greenville 3
BOTTOM OF THE 7TH
Greenville 84s batting - Pitching for Philadelphia 1776 BC : LHP Carlos Sánchez
Batting: RHB Ramón Valdéz 0-0: Ground out 5-3 (Groundball, 5)
Batting: RHB Joe Craig 0-0: Foul Ball, location: 2F
0-1: Ball
1-1: Ball
2-1: Ball
3-1: Called Strike
3-2: Ground out 6-3 (Groundball, 6)
Batting: RHB Pablo Marrero 0-0: Called Strike
0-1: Ball
1-1: Ball
2-1: Ground out 4-3 (Groundball, 4)
Bottom of the 7th over - 0 runs, 0 hits, 0 errors, 0 left on base; Philadelphia 1776 1 - Greenville 3
TOP OF THE 8TH
Philadelphia 1776 BC batting - Pitching for Greenville 84s : LHP Ernest Torres
Batting: LHB Manoo Satyavrat 0-0: Called Strike
0-1: Swinging Strike
0-2: Foul Ball, location: 2F
0-2: Ball
1-2: Ball
2-2: Ball
3-2: Foul Ball, location: 2F
3-2: Fly out, F8 (Line Drive, 78S)
Batting: LHB Jeff Rutherford 0-0: Ball
1-0: Swinging Strike
1-1: Swinging Strike
1-2: Ball
2-2: Strikes out swinging
Pitching: LHP José Rico
Batting: SHB Jesús Cabańe 0-0: Ball
1-0: Foul Ball, location: 2F
1-1: Foul Ball, location: 2F
1-2: Foul Ball, location: 2F
1-2: Ball
2-2: Strikes out swinging
Top of the 8th over - 0 runs, 0 hits, 0 errors, 0 left on base; Philadelphia 1776 1 - Greenville 3
BOTTOM OF THE 8TH
Greenville 84s batting - Pitching for Philadelphia 1776 BC : LHP Carlos Sánchez
Pitching: LHP Brian Brewer
Batting: SHB Jorge Barrios 0-0: Called Strike
0-1: Ball
1-1: Fly out, F7 (Flyball, 7S)
Batting: RHB Roberto Escues 0-0: Ball
1-0: Swinging Strike
1-1: Foul Ball, location: 2F
1-2: Strikes out swinging
Batting: LHB Christian Blair 0-0: Swinging Strike
0-1: Ball
1-1: Called Strike
1-2: Ball
2-2: Strikes out swinging
Bottom of the 8th over - 0 runs, 0 hits, 0 errors, 0 left on base; Philadelphia 1776 1 - Greenville 3
TOP OF THE 9TH
Philadelphia 1776 BC batting - Pitching for Greenville 84s : LHP José Rico
Batting: SHB Sam Quint 0-0: Ball
1-0: Called Strike
1-1: Ball
2-1: Foul Ball, location: 2F
2-2: Foul Ball, location: 2F
2-2: Strikes out looking
Batting: RHB Fernando Rivera 0-0: Ball
1-0: Called Strike
1-1: Foul Ball, location: 2F
1-2: Ball
2-2: Foul Ball, location: 2F
2-2: Foul Ball, location: 2F
2-2: Fly out, F9 (Line Drive, 9D)
Batting: RHB Patrizio Vanali 0-0: Ball
1-0: Ball
2-0: Ball
3-0: Base on Balls
Batting: RHB John Schnatter 0-0: Ball
1-0: Ball
2-0: Ball
3-0: Base on Balls
Patrizio Vanali to second
Batting: LHB José Rodríguez 0-0: Called Strike
0-1: Called Strike
0-2: Ball
1-2: Ball
2-2: Strikes out swinging
Top of the 9th over - 0 runs, 0 hits, 0 errors, 2 left on base; Philadelphia 1776 1 - Greenville 3
Tuesday, December 19th, 2017 - OOTP Baseball 18.8 Build 76